AA
SAN FRANCISCO SEALS @ TUSCALOOSA YELLOWHAMMERS
08/28/2059
 
TOP OF THE 1ST
San Francisco Seals batting - Pitching for Tuscaloosa Yellowhammers : LHP Braxton Werner
Pitching: LHP Braxton Werner
Batting: RHB Devon Roberson 0-0: Fly out, F8 (Line Drive, 8LD, EV 92.5 MPH)
Batting: RHB Kyle Phipps 0-0: Ball
1-0: Ball
2-0: DOUBLE (Line Drive, 9LS, EV 110.0 MPH)
Batting: RHB Landon Dyer 0-0: Swinging Strike
0-1: Swinging Strike
0-2: Foul Ball, location: 2F
0-2: Ball
1-2: Ball
2-2: Strikes out swinging
Batting: LHB Kurtis Schell 0-0: Called Strike
0-1: DOUBLE (Line Drive, 7LM, EV 106.9 MPH)
Kyle Phipps scores
Batting: RHB Colby Caudill 0-0: Called Strike
0-1: Ball
1-1: Foul Ball, location: 2F
1-2: Ball
2-2: Foul Ball, location: 2F
2-2: TRIPLE (Flyball, 78XD, EV 111.2 MPH)
Kurtis Schell scores
Batting: RHB Simon Moody 0-0: Ground out 6-3 (Groundball, 6M, EV 91.9 MPH)
Top of the 1st over - 2 runs, 3 hits, 0 errors, 1 left on base; San Francisco 2 - Tuscaloosa 0
BOTTOM OF THE 1ST
Tuscaloosa Yellowhammers batting - Pitching for San Francisco Seals : RHP Billy Rode
Pitching: RHP Billy Rode
Batting: RHB Elias Stirewalt 0-0: Foul Ball, location: 2F
0-1: SINGLE (Line Drive, 8RS, EV 93.8 MPH)
Batting: LHB Samuel Hamblin 0-0: Called Strike
0-1: Hit by Pitch
Elias Stirewalt to second
Batting: LHB B.J. Solis 0-0: Called Strike
0-1: Fly out, F8 (Flyball, 8LM, EV 90.6 MPH)
Batting: RHB Andy Bernard 0-0: Ball
1-0: Called Strike
1-1: Foul Ball, location: 2F
1-2: Fly out, F8 (Flyball, 8RM, EV 91.9 MPH)
Batting: RHB Nathan Stiso 0-0: Ball
1-0: Ball
2-0: Fly out, F8 (Flyball, 78M, EV 91.2 MPH)
Bottom of the 1st over - 0 runs, 1 hit, 0 errors, 2 left on base; San Francisco 2 - Tuscaloosa 0
TOP OF THE 2ND
San Francisco Seals batting - Pitching for Tuscaloosa Yellowhammers : LHP Braxton Werner
Batting: LHB Brian Kohman 0-0: Ground out 4-3 (Groundball, 4M, EV 105.6 MPH)
Batting: RHB Jarod Henderson 0-0: Called Strike
0-1: Ball
1-1: Called Strike
1-2: Ball
2-2: Ball
3-2: Foul Ball, location: 2F
3-2: Fly out, F9 (Line Drive, 9LM, EV 99.4 MPH)
Batting: SHB Irv Macura 0-0: Ball
1-0: Swinging Strike
1-1: Called Strike
1-2: Ball
2-2: Ball
3-2: Strikes out looking
Top of the 2nd over - 0 runs, 0 hits, 0 errors, 0 left on base; San Francisco 2 - Tuscaloosa 0
BOTTOM OF THE 2ND
Tuscaloosa Yellowhammers batting - Pitching for San Francisco Seals : RHP Billy Rode
Batting: RHB Garret Richards 0-0: Ground out 4-3 (Groundball, 34, EV 88.1 MPH)
Batting: RHB Dawson Moore 0-0: SINGLE (Line Drive, 8LS, EV 108.8 MPH)
Batting: RHB Payton Snyder 0-0: Called Strike
0-1: Swinging Strike
0-2: Ball
1-2: Strikes out swinging
Batting: RHB Izaiah Norwood 0-0: Called Strike
Dawson Moore is caught stealing 2nd base 2-4
Bottom of the 2nd over - 0 runs, 1 hit, 0 errors, 0 left on base; San Francisco 2 - Tuscaloosa 0
TOP OF THE 3RD
San Francisco Seals batting - Pitching for Tuscaloosa Yellowhammers : LHP Braxton Werner
Batting: RHB Devon Roberson 0-0: Ball
1-0: Ball
2-0: Foul Ball, location: 2F
2-1: Foul Ball, location: 2F
2-2: Ball
3-2: SINGLE (Line Drive, 7S, EV 96.9 MPH)
Batting: RHB Kyle Phipps 0-0: Ball
1-0: Called Strike
1-1: Ball
2-1: Foul Ball, location: 2F
2-2: Strikes out swinging
Batting: RHB Landon Dyer 0-0: Ball
1-0: Ball
2-0: Called Strike
2-1: Fly out, F8 (Flyball, 8RM, EV 85.0 MPH)
Batting: LHB Kurtis Schell 0-0: Fly out, F9 (Flyball, 89D, EV 101.2 MPH)
Top of the 3rd over - 0 runs, 1 hit, 0 errors, 1 left on base; San Francisco 2 - Tuscaloosa 0
BOTTOM OF THE 3RD
Tuscaloosa Yellowhammers batting - Pitching for San Francisco Seals : RHP Billy Rode
Batting: RHB Izaiah Norwood 0-0: Called Strike
0-1: Ground out 4-3 (Groundball, 4, EV 86.9 MPH)
Batting: RHB Elias Stirewalt 0-0: Ground out U3 (Groundball, 34S, EV 81.2 MPH)
Batting: LHB Samuel Hamblin 0-0: Ball
1-0: Ball
2-0: SINGLE (Groundball, 34D, EV 105.0 MPH)
Batting: LHB B.J. Solis 0-0: Ball
1-0: Called Strike
1-1: Foul Ball, location: 2F
1-2: Foul Ball, location: 2F
1-2: Strikes out swinging
Bottom of the 3rd over - 0 runs, 1 hit, 0 errors, 1 left on base; San Francisco 2 - Tuscaloosa 0
TOP OF THE 4TH
San Francisco Seals batting - Pitching for Tuscaloosa Yellowhammers : LHP Braxton Werner
Batting: RHB Colby Caudill 0-0: Ball
1-0: Called Strike
1-1: Called Strike
1-2: Foul Ball, location: 2F
1-2: Foul Ball, location: 2F
1-2: Strikes out swinging
Batting: RHB Simon Moody 0-0: Ball
1-0: Foul Ball, location: 2F
1-1: Swinging Strike
1-2: Foul Ball, location: 2F
1-2: Foul Ball, location: 2F
1-2: Foul Ball, location: 2F
1-2: Ball
2-2: Foul Ball, location: 2F
2-2: Ball
3-2: Foul Ball, location: 2F
3-2: SINGLE (Line Drive, 5L, EV 96.9 MPH)
Batting: LHB Brian Kohman 0-0: Foul Ball, location: 2F
0-1: Hit by Pitch
Simon Moody to second
Batting: RHB Jarod Henderson 0-0: Foul Ball, location: 2F
0-1: Called Strike
0-2: Ball
1-2: Strikes out swinging
Batting: SHB Irv Macura 0-0: Ball
1-0: Called Strike
1-1: Ball
2-1: Swinging Strike
2-2: SINGLE (Groundball, 56S, EV 70.0 MPH) (infield hit)
Simon Moody to third
Brian Kohman to second
Batting: RHB Devon Roberson 0-0: Called Strike
0-1: Ball
1-1: Ball
2-1: Foul Ball, location: 2F
2-2: Ball
3-2: Fly out, F8 (Flyball, 8LD, EV 86.2 MPH)
Top of the 4th over - 0 runs, 2 hits, 0 errors, 3 left on base; San Francisco 2 - Tuscaloosa 0
BOTTOM OF THE 4TH
Tuscaloosa Yellowhammers batting - Pitching for San Francisco Seals : RHP Billy Rode
Batting: RHB Andy Bernard 0-0: Called Strike
0-1: Called Strike
0-2: SINGLE (Flyball, 5D, EV 92.5 MPH)
Batting: RHB Nathan Stiso 0-0: Ball
1-0: Ball
2-0: DOUBLE (Line Drive, 78XD, EV 108.1 MPH)
Andy Bernard to third
Batting: RHB Garret Richards 0-0: Called Strike
0-1: Foul Ball, location: 2F
0-2: Ball
1-2: Ball
2-2: Strikes out looking
Batting: RHB Dawson Moore 0-0: Ball
1-0: DOUBLE (Groundball, 5L, EV 106.9 MPH)
Andy Bernard scores
Nathan Stiso scores
Batting: RHB Payton Snyder 0-0: Called Strike
0-1: Foul Ball, location: 2F
0-2: Ball
1-2: Strikes out swinging
Batting: RHB Izaiah Norwood 0-0: Fly out, F8 (Flyball, 8LD, EV 98.8 MPH)
Bottom of the 4th over - 2 runs, 3 hits, 0 errors, 1 left on base; San Francisco 2 - Tuscaloosa 2
TOP OF THE 5TH
San Francisco Seals batting - Pitching for Tuscaloosa Yellowhammers : LHP Braxton Werner
Batting: RHB Kyle Phipps 0-0: Called Strike
0-1: Ball
1-1: Foul Ball, location: 2F
1-2: Strikes out swinging
Batting: RHB Landon Dyer 0-0: Ball
1-0: Ball
2-0: SINGLE (Groundball, 6MD, EV 97.5 MPH)
Pitching: RHP Joel Sandifer
Batting: LHB Kurtis Schell 0-0: Ball
1-0: Called Strike
1-1: Called Strike
1-2: Ball
2-2: Foul Ball, location: 2F
2-2: Foul Ball, location: 2F
2-2: Strikes out looking
Batting: RHB Colby Caudill 0-0: Ball
1-0: Called Strike
1-1: Foul Ball, location: 2F
1-2: Ball
2-2: Foul Ball, location: 2F
2-2: Ball
3-2: Foul Ball, location: 2F
3-2: Strikes out looking
Top of the 5th over - 0 runs, 1 hit, 0 errors, 1 left on base; San Francisco 2 - Tuscaloosa 2
BOTTOM OF THE 5TH
Tuscaloosa Yellowhammers batting - Pitching for San Francisco Seals : RHP Billy Rode
Batting: RHB Elias Stirewalt 0-0: Swinging Strike
0-1: Ground out 4-3 (Groundball, 4M, EV 96.9 MPH)
Batting: LHB Samuel Hamblin 0-0: Swinging Strike
0-1: Ball
1-1: Ball
2-1: Foul Ball, location: 2F
2-2: Strikes out swinging
Batting: LHB B.J. Solis 0-0: Ball
1-0: Ball
2-0: Ball
3-0: Called Strike
3-1: SINGLE (Groundball, 6D, EV 100.6 MPH)
Batting: RHB Andy Bernard 0-0: Ball
1-0: SINGLE (Groundball, 6D, EV 108.1 MPH)
B.J. Solis to second
Runner from 2nd tries for 3rd, OUT! 8-5
Bottom of the 5th over - 0 runs, 2 hits, 0 errors, 1 left on base; San Francisco 2 - Tuscaloosa 2
TOP OF THE 6TH
San Francisco Seals batting - Pitching for Tuscaloosa Yellowhammers : RHP Joel Sandifer
Batting: RHB Simon Moody 0-0: Ball
1-0: Ball
2-0: Ball
3-0: Called Strike
3-1: Base on Balls
Batting: LHB Brian Kohman 0-0: Sac Bunt to 2L - play at first, batter OUT! 2-4
Simon Moody to second
Pinch Hitting: LHB Kyle Williams 0-0: Foul Ball, location: 2F
0-1: Ball
1-1: Ball
2-1: Foul Ball, location: 2F
2-2: Ball
3-2: Base on Balls
Batting: SHB Irv Macura 0-0: Called Strike
0-1: Fly out, F8 (Flyball, 8LM, EV 88.1 MPH)
Batting: RHB Devon Roberson 0-0: Swinging Strike
0-1: Ball
1-1: Called Strike
1-2: Strikes out swinging
Top of the 6th over - 0 runs, 0 hits, 0 errors, 2 left on base; San Francisco 2 - Tuscaloosa 2
BOTTOM OF THE 6TH
Tuscaloosa Yellowhammers batting - Pitching for San Francisco Seals : RHP Billy Rode
Now at SS: Cameron Allen
Batting: RHB Nathan Stiso 0-0: Swinging Strike
0-1: Foul Ball, location: 2F
0-2: SINGLE (Flyball, 89S, EV 89.4 MPH)
Pitching: RHP Keegan Orman
Batting: RHB Garret Richards 0-0: Ball
1-0: Called Strike
1-1: Ball
2-1: Fielders Choice at 2nd, 3-6 (Groundball, 3, EV 79.4 MPH)
Batting: RHB Dawson Moore 0-0: Called Strike
0-1: Ball
1-1: Fielders Choice at 2nd, 6-4 (Groundball, 6, EV 109.4 MPH)
Batting: RHB Payton Snyder 0-0: Called Strike
0-1: Ball
1-1: Swinging Strike
1-2: Strikes out looking
Bottom of the 6th over - 0 runs, 1 hit, 0 errors, 1 left on base; San Francisco 2 - Tuscaloosa 2
TOP OF THE 7TH
San Francisco Seals batting - Pitching for Tuscaloosa Yellowhammers : RHP Joel Sandifer
Batting: RHB Kyle Phipps 0-0: Ball
1-0: Ball
2-0: Foul Ball, location: 2F
2-1: Fly out, F7 (Flyball, 7, EV 81.9 MPH)
Batting: RHB Landon Dyer 0-0: Ball
1-0: Ball
2-0: Fly out, F9 (Line Drive, 9, EV 91.9 MPH)
Batting: LHB Kurtis Schell 0-0: Ball
1-0: Swinging Strike
1-1: Swinging Strike
1-2: Ball
2-2: Strikes out swinging
Top of the 7th over - 0 runs, 0 hits, 0 errors, 0 left on base; San Francisco 2 - Tuscaloosa 2
BOTTOM OF THE 7TH
Tuscaloosa Yellowhammers batting - Pitching for San Francisco Seals : RHP Keegan Orman
Batting: RHB Izaiah Norwood 0-0: Called Strike
0-1: Ball
1-1: Ground out 4-3 (Groundball, 4M, EV 99.4 MPH)
Batting: RHB Elias Stirewalt 0-0: Ground out 1-3 (Groundball, 34S, EV 68.1 MPH)
Batting: LHB Samuel Hamblin 0-0: Ball
1-0: Called Strike
1-1: Foul Ball, location: 2F
1-2: Foul Ball, location: 2F
1-2: SINGLE (Groundball, 56, EV 107.5 MPH) (infield hit)
Pitching: LHP Elliot Denton
Batting: LHB B.J. Solis 0-0: Ball
1-0: Called Strike
1-1: Ball
2-1: Called Strike
2-2: Strikes out looking
Bottom of the 7th over - 0 runs, 1 hit, 0 errors, 1 left on base; San Francisco 2 - Tuscaloosa 2
TOP OF THE 8TH
San Francisco Seals batting - Pitching for Tuscaloosa Yellowhammers : RHP Joel Sandifer
Pitching: RHP Chad Bennett
Batting: RHB Colby Caudill 0-0: Called Strike
0-1: Foul Ball, location: 2F
0-2: Ball
1-2: Foul Ball, location: 2F
1-2: Ball
2-2: Fly out, F8 (Flyball, 89S, EV 96.2 MPH)
Batting: RHB Simon Moody 0-0: Ball
1-0: Swinging Strike
1-1: Swinging Strike
1-2: Ball
2-2: Strikes out looking
Batting: LHB Brian Kohman 0-0: SINGLE (Line Drive, 7S, EV 101.2 MPH)
Pinch Hitting: SHB LaRon Pennicott 0-0: Foul Ball, location: 2F
0-1: Ball
1-1: Swinging Strike
1-2: Ball
2-2: Ground out 1-3 (Groundball, 13S, EV 70.6 MPH)
Top of the 8th over - 0 runs, 1 hit, 0 errors, 1 left on base; San Francisco 2 - Tuscaloosa 2
BOTTOM OF THE 8TH
Tuscaloosa Yellowhammers batting - Pitching for San Francisco Seals : LHP Elliot Denton
Pitching: LHP Kameron Saar
Now at 3B: LaRon Pennicott
Now at SS: Irv Macura
Batting: RHB Andy Bernard 0-0: Ball
1-0: Fly out, F6 (Line Drive, 6, EV 63.1 MPH)
Batting: RHB Nathan Stiso 0-0: Called Strike
0-1: Called Strike
0-2: Strikes out swinging
Batting: RHB Garret Richards 0-0: Ground out 4-3 (Groundball, 34, EV 79.4 MPH)
Bottom of the 8th over - 0 runs, 0 hits, 0 errors, 0 left on base; San Francisco 2 - Tuscaloosa 2
TOP OF THE 9TH
San Francisco Seals batting - Pitching for Tuscaloosa Yellowhammers : RHP Chad Bennett
Batting: SHB Irv Macura 0-0: Swinging Strike
0-1: Foul Ball, location: 2F
0-2: Strikes out swinging, 2-3 out at first.
Batting: RHB Devon Roberson 0-0: Ball
1-0: Called Strike
1-1: Swinging Strike
1-2: Foul Ball, location: 2F
1-2: Ball
2-2: Foul Ball, location: 2F
2-2: Strikes out looking
Batting: RHB Kyle Phipps 0-0: Called Strike
0-1: Fly out, F8 (Flyball, 78D, EV 105.6 MPH)
Top of the 9th over - 0 runs, 0 hits, 0 errors, 0 left on base; San Francisco 2 - Tuscaloosa 2
BOTTOM OF THE 9TH
Tuscaloosa Yellowhammers batting - Pitching for San Francisco Seals : LHP Kameron Saar
Pitching: RHP James Scott
Batting: RHB Dawson Moore 0-0: Ball
1-0: Foul Ball, location: 2F
1-1: Foul Ball, location: 2F
1-2: Ground out 5-3 (Groundball, 5, EV 90.6 MPH)
Pinch Hitting: LHB Max Klausner 0-0: Ball
1-0: Called Strike
1-1: Foul Ball, location: 2F
1-2: DOUBLE (Line Drive, 9LS, EV 91.2 MPH)
Batting: RHB Izaiah Norwood 0-0: Intentional Walk
Pinch Runner at 2nd Jayce Papanicolaou:
Batting: RHB Elias Stirewalt 0-0: Foul Ball, location: 2F
0-1: Ball
1-1: Ball
2-1: Swinging Strike
2-2: Strikes out swinging
Batting: LHB Samuel Hamblin 0-0: Ball
1-0: Ground out U3 (Groundball, 3L, EV 111.9 MPH)
Bottom of the 9th over - 0 runs, 1 hit, 0 errors, 2 left on base; San Francisco 2 - Tuscaloosa 2
TOP OF THE 10TH
San Francisco Seals batting - Pitching for Tuscaloosa Yellowhammers : RHP Chad Bennett
Now at 3B: Jayce Papanicolaou
Batting: RHB Landon Dyer 0-0: SINGLE (Flyball, 7LS, EV 97.5 MPH)
Batting: LHB Kurtis Schell 0-0: Ball
1-0: Ball
Passed Ball!
Landon Dyer to second
2-0: Intentional Walk
Batting: RHB Colby Caudill 0-0: Foul Ball, location: 2F
0-1: Ball
1-1: Ball
2-1: Ball
3-1: Called Strike
3-2: Grounds into double play, 5-4-3 (Groundball, 56, EV 91.9 MPH)
Landon Dyer to third
Pitching: RHP Mason Hampton
Batting: RHB Simon Moody 0-0: Ball
1-0: Foul Ball, location: 2F
1-1: Ground out 4-3 (Groundball, 4, EV 81.9 MPH)
Top of the 10th over - 0 runs, 1 hit, 0 errors, 1 left on base; San Francisco 2 - Tuscaloosa 2
BOTTOM OF THE 10TH
Tuscaloosa Yellowhammers batting - Pitching for San Francisco Seals : RHP James Scott
Batting: LHB B.J. Solis 0-0: Ball
1-0: SINGLE (Flyball, 7LS, EV 89.4 MPH)
Batting: RHB Andy Bernard 0-0: Grounds into double play, 6-4-3 (Groundball, 6, EV 106.2 MPH)
Batting: RHB Nathan Stiso 0-0: DOUBLE (Line Drive, 5D, EV 98.1 MPH)
Batting: RHB Garret Richards 0-0: Foul Ball, location: 2F
0-1: Ball
1-1: Ball
2-1: SINGLE (Line Drive, 8LS, EV 96.9 MPH)
Nathan Stiso to third
Runner from 3rd tries for Home, SAFE, throw by CF to home
Bottom of the 10th over - 1 run, 3 hits, 0 errors, 1 left on base; San Francisco 2 - Tuscaloosa 3
Wednesday, March 27th , 2024 - OOTP Baseball 23.10 Build 110